Punishers vs Sasquatch
(R1)
Created - April 2, 2021 at 20:55
Goals
|
| Punishers |
0 |
0 |
0 |
0 |
| Sasquatch |
0 |
1 |
1 |
2 |
|
Shots
|
| Punishers |
6 |
9 |
10 |
25 |
| Sasquatch |
10 |
7 |
16 |
33 |
|
1st period
No Goal
Penalties :
Corey Tropp (Pro) for Goalie Interference (Minor) at 7:05, Madison Bowey (Pro) for Interference (Minor) at 19:30
2nd period
1. Sasquatch , Timo Meier 17 (Tony DeAngelo 21, Devin Shore 77) at 17:43 (PP)
Penalties :
Martin Frk (Gat) for Hooking (Minor) at 4:11, Nikita Gusev (Pro) for Hooking (Minor) at 9:59, Fredrik Claesson (Pro) for Interference (Minor) at 17:28
3rd period
2. Sasquatch , Valentin Zykov 12 (Tony DeAngelo 22, Petr Straka 25) at 1:03 (PP)
Penalties :
Andreas Athanasiou (Pro) for Holding (Minor) at 0:22, Nikita Gusev (Pro) for Cross-checking (Minor) at 3:44
Goalie Stats
Louis Domingue (Pro), 31 saves from 33 shots - (0.939), L, 28-18-3, 60:00 minutes
Joonas Korpisalo (Gat), 25 saves from 25 shots - (1.000), W, 27-17-7, 60:00 minutes
Players Stats for Punishers
Player Name G A P +/- PIM S H SB GA TA FO MP PP MP PK MP
------------------------------------------------------------------------------------
Andreas Athanasiou 0 0 0 0 2 2 1 1 1 0 0/1 20:54 1:03 3:15
Austen Brassard 0 0 0 0 0 1 3 0 0 0 0/1 12:09 0:00 0:00
Ben Betker 0 0 0 0 0 0 1 1 0 0 0/0 15:52 0:36 3:10
Brett Kulak 0 0 0 0 0 1 1 0 1 1 0/0 26:15 1:23 5:42
Carter Ashton 0 0 0 0 0 4 2 0 1 0 1/1 12:38 0:00 0:00
Connor Clifton 0 0 0 0 0 0 0 1 0 1 0/0 15:48 0:00 0:00
Corey Tropp 0 0 0 0 2 3 3 0 4 0 0/1 21:58 1:03 4:19
Elias Lindholm 0 0 0 0 0 1 0 1 0 0 14/24 17:54 1:03 0:19
Fredrik Claesson 0 0 0 0 2 3 1 3 1 0 0/0 17:51 0:36 4:25
John Quenneville 0 0 0 0 0 3 1 0 0 0 4/7 12:09 0:00 0:00
Joseph Cramarossa 0 0 0 0 0 1 0 1 0 1 0/0 7:10 0:00 0:50
Madison Bowey 0 0 0 0 2 2 1 7 0 1 0/0 25:02 1:23 4:05
Michael Joly 0 0 0 0 0 1 1 0 0 0 0/0 6:55 0:00 0:00
Nikita Gusev 0 0 0 0 4 1 1 0 0 0 0/0 12:13 0:00 0:00
Niko Mikkola 0 0 0 0 0 0 1 0 0 0 0/0 5:35 0:00 0:00
Noah Juulsen 0 0 0 0 0 0 2 0 0 0 0/0 14:00 0:00 0:22
Radek Faksa 0 0 0 0 0 1 2 1 2 0 7/14 17:55 0:56 3:22
Tyler Bertuzzi 0 0 0 0 0 1 0 0 1 0 0/0 14:40 0:56 0:21
Zack Hamill 0 0 0 0 0 0 0 1 1 0 6/11 14:04 0:56 5:18
Players Stats for Sasquatch
Player Name G A P +/- PIM S H SB GA TA FO MP PP MP PK MP
------------------------------------------------------------------------------------
Brandon Montour 0 0 0 0 0 0 1 1 1 1 0/0 24:39 5:15 1:18
Christoffer Ehn 0 0 0 0 0 0 0 0 0 1 3/8 10:14 0:00 1:08
Devin Shore 0 1 1 0 0 4 4 2 0 1 13/30 21:39 5:02 0:26
Dylan Sikura 0 0 0 0 0 1 3 0 1 1 0/0 9:06 0:00 0:00
Ethan Bear 0 0 0 0 0 1 0 0 0 1 0/0 16:32 3:37 0:00
Jack Roslovic 0 0 0 0 0 1 2 2 1 0 5/6 12:23 0:00 0:00
Jacob De La Rose 0 0 0 0 0 1 2 0 0 0 0/0 13:22 0:00 1:08
Jujhar Khaira 0 0 0 0 0 3 2 0 0 0 0/3 21:03 5:02 0:00
Martin Frk 0 0 0 0 2 0 1 0 0 0 0/0 12:36 0:00 0:00
Martin Marincin 0 0 0 0 0 0 0 0 0 0 0/0 19:09 0:00 1:18
Patrick Wey 0 0 0 0 0 3 5 2 0 1 0/0 24:24 3:37 0:00
Petr Straka 0 1 1 0 0 6 1 1 0 2 0/0 15:15 3:50 0:00
Roland McKeown 0 0 0 0 0 0 0 2 0 1 0/0 15:45 0:34 0:41
Roope Hintz 0 0 0 0 0 2 1 0 0 1 0/0 12:17 0:00 0:51
T.J. Tynan 0 0 0 0 0 2 1 0 0 1 7/11 15:44 3:50 0:25
Timo Meier 1 0 1 0 0 3 2 0 0 0 0/2 21:03 5:02 0:00
Tony DeAngelo 0 2 2 0 0 1 0 1 1 1 0/0 19:31 4:41 0:41
Valentin Zykov 1 0 1 0 0 5 1 0 0 0 0/0 13:18 3:50 0:00
3 Stars
1 - Joonas Korpisalo (Gat)
2 - Timo Meier (Gat)
3 - Valentin Zykov (Gat)
Power Play
Punishers - 0 on 1 Attempt(s) - 0.00%
Sasquatch - 2 on 6 Attempt(s) - 33.33%
Penalty Kill
Punishers - 4 on 6 Attempt(s) - 66.67%
- Score 0 goal in Penalty Kill
Sasquatch - 1 on 1 Attempt(s) - 100.00%
- Score 0 goal in Penalty Kill
Team Stat
Punishers - Hits : 21 - Faceoff Wins : 32 - Blocked Shots : 17 - Penalty Minutes : 12
Sasquatch - Hits : 26 - Faceoff Wins : 28 - Blocked Shots : 11 - Penalty Minutes : 2
Official
Referees : Unknown
Linesman : Unknown
Game Notes
Carter Ashton is injured at 15:59 of 3rd period (Sprained Right Knee)
Finance
Level 1 -- Attendance: 1238 (61.90%) -- Ticket Income $49,520
Level 2 -- Attendance: 744 (74.40%) -- Ticket Income $14,880
Total Attendance: 1982 (66.07%)
Total Ticket Income: $64,400
Other Income: $3,220
Total Income: $67,620
Punishers
5 vs 5 Forward
Center Left Wing Right Wing Time % Phy DF OF
1 Elias Lindholm Andreas Athanasiou Corey Tropp 40 1 2 2
2 Radek Faksa Tyler Bertuzzi Carter Ashton 30 1 2 2
3 John Quenneville Nikita Gusev Austen Brassard 20 1 2 2
4 Zack Hamill Joseph Cramarossa Michael Joly 10 1 2 2
5 vs 5 Defense
Defense Defense Time % Phy DF OF
1 Madison Bowey Brett Kulak 40 1 2 2
2 Noah Juulsen Fredrik Claesson 30 1 2 2
3 Ben Betker Connor Clifton 20 1 2 2
4 Niko Mikkola Connor Clifton 10 1 2 2
PowerPlay Forward
Center Left Wing Right Wing Time % Phy DF OF
1 Elias Lindholm Andreas Athanasiou Corey Tropp 60 1 2 2
2 Radek Faksa Tyler Bertuzzi Zack Hamill 40 1 2 2
PowerPlay Defense
Defense Defense Time % Phy DF OF
1 Madison Bowey Brett Kulak 60 1 2 2
2 Ben Betker Fredrik Claesson 40 1 2 2
Penalty Kill 4 Players Forward
Center Wing Time % Phy DF OF
1 Zack Hamill Corey Tropp 60 1 2 2
2 Andreas Athanasiou Radek Faksa 40 1 2 2
Penalty Kill 4 Players Defense
Defense Defense Time % Phy DF OF
1 Madison Bowey Brett Kulak 60 1 2 2
2 Ben Betker Fredrik Claesson 40 1 2 2
Penalty Kill - 3 Players Forward
Forward Time % Phy DF OF
1 Zack Hamill 60 1 2 2
2 Corey Tropp 40 1 2 2
Penalty Kill - 3 Players Defense
Defense Defense Time % Phy DF OF
1 Madison Bowey Fredrik Claesson 60 1 2 2
2 Ben Betker Brett Kulak 40 1 2 2
4 vs 4 Forward
Center Wing Time % Phy DF OF
1 Elias Lindholm Andreas Athanasiou 60 1 2 2
2 Radek Faksa John Quenneville 40 1 2 2
4 vs 4 Defense
Defense Defense Time % Phy DF OF
1 Madison Bowey Brett Kulak 60 1 2 2
2 Noah Juulsen Fredrik Claesson 40 1 2 2
Last Minutes Offensive
Center Left Wing Right Wing Defense Defense
Zack Hamill Andreas Athanasiou Corey Tropp Madison Bowey Brett Kulak
Last Minutes Defensive
Center Left Wing Right Wing Defense Defense
Zack Hamill Andreas Athanasiou Corey Tropp Madison Bowey Brett Kulak
Goaltenders
Starting : Louis Domingue
Backup : Daniel Altshuller
Extra Forwards
Normal : Zack Hamill, Elias Lindholm, Radek Faksa - PP : Zack Hamill, John Quenneville - PK : Zack Hamill
Extra Defensemen
Normal : Noah Juulsen, Fredrik Claesson, Brett Kulak - PP : Noah Juulsen - PK : Brett Kulak, Fredrik Claesson
Penalty Shots
Zack Hamill, Corey Tropp, Andreas Athanasiou, Radek Faksa, Elias Lindholm
Scratches
Adam Pelech (Back Surgery Injury), Nicolas Roy (Healthy), Gabriel Gagne (Healthy), Austin Wagner (Healthy), Anton Blidh (Healthy)
Daniel Audette (Healthy), Alex Schoenborn (Healthy)
Sasquatch
5 vs 5 Forward
Center Left Wing Right Wing Time % Phy DF OF
1 Devin Shore Jujhar Khaira Timo Meier 40 1 2 2
2 T.J. Tynan Roope Hintz Petr Straka 30 1 2 2
3 Jack Roslovic Jacob De La Rose Martin Frk 20 1 2 2
4 Christoffer Ehn Valentin Zykov Dylan Sikura 10 1 2 2
5 vs 5 Defense
Defense Defense Time % Phy DF OF
1 Patrick Wey Brandon Montour 40 1 2 2
2 Martin Marincin Tony DeAngelo 30 1 2 2
3 Roland McKeown Ethan Bear 20 1 2 2
4 Patrick Wey Martin Marincin 10 1 2 2
PowerPlay Forward
Center Left Wing Right Wing Time % Phy DF OF
1 Devin Shore Jujhar Khaira Timo Meier 60 1 2 2
2 T.J. Tynan Valentin Zykov Petr Straka 40 1 2 2
PowerPlay Defense
Defense Defense Time % Phy DF OF
1 Brandon Montour Tony DeAngelo 60 1 2 2
2 Patrick Wey Ethan Bear 40 1 2 2
Penalty Kill 4 Players Forward
Center Wing Time % Phy DF OF
1 Christoffer Ehn Jacob De La Rose 60 1 2 2
2 T.J. Tynan Roope Hintz 40 1 2 2
Penalty Kill 4 Players Defense
Defense Defense Time % Phy DF OF
1 Martin Marincin Brandon Montour 60 1 2 2
2 Tony DeAngelo Roland McKeown 40 1 2 2
Penalty Kill - 3 Players Forward
Forward Time % Phy DF OF
1 Christoffer Ehn 60 1 2 2
2 Jacob De La Rose 40 1 2 2
Penalty Kill - 3 Players Defense
Defense Defense Time % Phy DF OF
1 Roland McKeown Martin Marincin 60 1 2 2
2 Brandon Montour Tony DeAngelo 40 1 2 2
4 vs 4 Forward
Center Wing Time % Phy DF OF
1 Devin Shore Jujhar Khaira 60 1 2 2
2 T.J. Tynan Petr Straka 40 1 2 2
4 vs 4 Defense
Defense Defense Time % Phy DF OF
1 Patrick Wey Martin Marincin 60 1 2 2
2 Brandon Montour Tony DeAngelo 40 1 2 2
Last Minutes Offensive
Center Left Wing Right Wing Defense Defense
Devin Shore Jujhar Khaira Timo Meier Patrick Wey Tony DeAngelo
Last Minutes Defensive
Center Left Wing Right Wing Defense Defense
Christoffer Ehn Jacob De La Rose Dylan Sikura Brandon Montour Martin Marincin
Goaltenders
Starting : Joonas Korpisalo
Backup : Anders Nilsson
Extra Forwards
Normal : T.J. Tynan, Valentin Zykov, Jack Roslovic - PP : T.J. Tynan, Valentin Zykov - PK : Devin Shore
Extra Defensemen
Normal : Roland McKeown, Ethan Bear, Brandon Montour - PP : Roland McKeown - PK : Ethan Bear, Brandon Montour
Penalty Shots
Jack Roslovic, Devin Shore, Petr Straka, T.J. Tynan, Roope Hintz
Scratches
Alan Quine (Healthy), Collin Miller (Healthy), Scott Wilson (Healthy), Adam Clendening (Healthy), Nikita Nesterov (Healthy)
Hudson Fasching (Healthy), Eamon McAdam (Healthy)
% Time on Ice - Punishers
Lines # - Real PCT - Wanted PCT - Time Play
Normal Forward
1 - 35% - 40% - 17:17
2 - 27% - 30% - 13:23
3 - 25% - 20% - 12:09
4 - 13% - 10% - 6:20
Normal Defense
1 - 41% - 40% - 20:17
2 - 25% - 30% - 12:24
3 - 22% - 20% - 10:53
4 - 11% - 10% - 5:35
PP Forward
1 - 53% - 60% - 1:03
2 - 47% - 40% - 0:56
PP Defense
1 - 70% - 60% - 1:23
2 - 30% - 40% - 0:36
PK Forward
1 - 78% - 60% - 6:54
2 - 22% - 40% - 1:58
PK Defense
1 - 68% - 60% - 6:04
2 - 32% - 40% - 2:48
PK3 Forward
1 - 0% - 60%
2 - 0% - 40%
PK3 Defense
1 - 0% - 60%
2 - 0% - 40%
44 Forward
1 - 0% - 60%
2 - 0% - 40%
44 Defense
1 - 0% - 60%
2 - 0% - 40%
Last Minute Offensive - 0:00
Last Minute Defensive - 0:00
Total
Forward - 60:00
Defense - 60:00
|
% Time on Ice - Sasquatch
Lines # - Real PCT - Wanted PCT - Time Play
Normal Forward
1 - 34% - 40% - 16:53
2 - 22% - 30% - 10:56
3 - 25% - 20% - 12:14
4 - 19% - 10% - 9:06
Normal Defense
1 - 37% - 40% - 18:06
2 - 26% - 30% - 13:01
3 - 26% - 20% - 12:38
4 - 11% - 10% - 5:24
PP Forward
1 - 57% - 60% - 5:02
2 - 43% - 40% - 3:50
PP Defense
1 - 59% - 60% - 5:15
2 - 41% - 40% - 3:37
PK Forward
1 - 79% - 60% - 1:34
2 - 21% - 40% - 0:25
PK Defense
1 - 66% - 60% - 1:18
2 - 34% - 40% - 0:41
PK3 Forward
1 - 0% - 60%
2 - 0% - 40%
PK3 Defense
1 - 0% - 60%
2 - 0% - 40%
44 Forward
1 - 0% - 60%
2 - 0% - 40%
44 Defense
1 - 0% - 60%
2 - 0% - 40%
Last Minute Offensive - 0:00
Last Minute Defensive - 0:00
Total
Forward - 60:00
Defense - 60:00
|
Play-by-Play
1st period
0:01 of 1st period - Devin Shore wins face-off versus Elias Lindholm in neutral zone.
0:04 of 1st period - Corey Tropp is hit by Devin Shore and loses puck.
0:52 of 1st period - Martin Marincin is hit by Austen Brassard and loses puck.
2:12 of 1st period - Snap shot by Radek Faksa.
2:12 of 1st period - Stopped by Joonas Korpisalo without a rebound.
2:13 of 1st period - Jack Roslovic wins face-off versus John Quenneville in Sasquatch zone.
2:38 of 1st period - Jacob De La Rose is hit by Michael Joly.
2:44 of 1st period - Wrist shot by Jack Roslovic.
2:44 of 1st period - Shot Misses the Net.
2:46 of 1st period - Snap shot by Jacob De La Rose.
2:46 of 1st period - Deflect By Jack Roslovic.
2:46 of 1st period - Shot Blocked by Madison Bowey.
2:46 of 1st period - Puck is out of play.
2:47 of 1st period - Devin Shore wins face-off versus Elias Lindholm in Punishers zone.
3:33 of 1st period - Wrist shot by Dylan Sikura.
3:33 of 1st period - Shot Blocked by Fredrik Claesson.
3:39 of 1st period - Snap shot by Valentin Zykov.
3:39 of 1st period - Stopped by Louis Domingue without a rebound.
3:40 of 1st period - John Quenneville wins face-off versus Christoffer Ehn in Punishers zone.
3:51 of 1st period - Slapshot by Nikita Gusev.
3:51 of 1st period - Stopped by Joonas Korpisalo without a rebound.
3:52 of 1st period - Elias Lindholm wins face-off versus Devin Shore in Sasquatch zone.
3:59 of 1st period - Slapshot by Devin Shore.
3:59 of 1st period - Shot Misses the Net.
4:01 of 1st period - Snap shot by Devin Shore.
4:01 of 1st period - Shot Blocked by Madison Bowey.
4:03 of 1st period - Slapshot by Brandon Montour.
4:03 of 1st period - Deflect By Devin Shore.
4:03 of 1st period - Stopped by Louis Domingue with a rebound.
4:05 of 1st period - Slapshot by Devin Shore.
4:05 of 1st period - Shot Misses the Net.
4:07 of 1st period - Slapshot by Patrick Wey.
4:07 of 1st period - Stopped by Louis Domingue with a rebound.
4:22 of 1st period - Patrick Wey is hit by Corey Tropp and loses puck.
4:45 of 1st period - Snap shot by Corey Tropp.
4:45 of 1st period - Shot Misses the Net.
4:47 of 1st period - Slapshot by Noah Juulsen.
4:47 of 1st period - Shot Blocked by Brandon Montour.
4:49 of 1st period - Slapshot by Fredrik Claesson.
4:49 of 1st period - Shot Misses the Net.
4:51 of 1st period - Slapshot by Fredrik Claesson.
4:51 of 1st period - Stopped by Joonas Korpisalo without a rebound.
4:52 of 1st period - Devin Shore wins face-off versus Radek Faksa in Sasquatch zone.
5:03 of 1st period - Snap shot by Devin Shore.
5:03 of 1st period - Stopped by Louis Domingue with a rebound.
5:44 of 1st period - Michael Joly is hit by T.J. Tynan and loses puck.
6:03 of 1st period - Ben Betker is hit by Dylan Sikura and loses puck.
6:39 of 1st period - Slapshot by Petr Straka.
6:39 of 1st period - Shot Misses the Net.
7:05 of 1st period - Minor Penalty to Corey Tropp for Goalie Interference.
7:06 of 1st period - Zack Hamill wins face-off versus Devin Shore in Punishers zone.
7:42 of 1st period - Patrick Wey is hit by Madison Bowey and loses puck.
8:01 of 1st period - Joseph Cramarossa is hit by Jujhar Khaira.
9:05 of 1st period - Penalty to Corey Tropp is over, Corey Tropp is back on ice.
9:08 of 1st period - Snap shot by John Quenneville.
9:08 of 1st period - Stopped by Joonas Korpisalo without a rebound.
9:09 of 1st period - John Quenneville wins face-off versus Jack Roslovic in Sasquatch zone.
9:36 of 1st period - Christoffer Ehn is hit by Andreas Athanasiou and loses puck.
9:43 of 1st period - Snap shot by Corey Tropp.
9:43 of 1st period - Shot Misses the Net.
9:45 of 1st period - Slapshot by Fredrik Claesson.
9:45 of 1st period - Stopped by Joonas Korpisalo without a rebound.
9:46 of 1st period - T.J. Tynan wins face-off versus Radek Faksa in Sasquatch zone.
9:53 of 1st period - Snap shot by Petr Straka.
9:53 of 1st period - Stopped by Louis Domingue with a rebound.
9:55 of 1st period - Snap shot by Roope Hintz.
9:55 of 1st period - Deflect By Petr Straka.
9:55 of 1st period - Shot Misses the Net.
9:55 of 1st period - Puck is out of play.
9:56 of 1st period - T.J. Tynan wins face-off versus Radek Faksa in Punishers zone.
10:13 of 1st period - Slapshot by Petr Straka.
10:13 of 1st period - Stopped by Louis Domingue with a rebound.
10:15 of 1st period - Slapshot by Ethan Bear.
10:15 of 1st period - Shot Misses the Net.
10:17 of 1st period - Wrist shot by Petr Straka.
10:17 of 1st period - Stopped by Louis Domingue with a rebound.
10:23 of 1st period - Slapshot by Petr Straka.
10:23 of 1st period - Shot Blocked by Madison Bowey.
10:35 of 1st period - Wrist shot by T.J. Tynan.
10:35 of 1st period - Shot Blocked by Madison Bowey.
10:37 of 1st period - Slapshot by Ethan Bear.
10:37 of 1st period - Shot Blocked by Madison Bowey.
10:39 of 1st period - Wrist shot by T.J. Tynan.
10:39 of 1st period - Shot Blocked by Radek Faksa.
10:41 of 1st period - Wrist shot by T.J. Tynan.
10:41 of 1st period - Shot Hit the Post.
11:11 of 1st period - Snap shot by Carter Ashton.
11:11 of 1st period - Shot Misses the Net.
11:17 of 1st period - T.J. Tynan is hit by Carter Ashton and loses puck.
11:38 of 1st period - Wrist shot by T.J. Tynan.
11:38 of 1st period - Stopped by Louis Domingue without a rebound.
11:39 of 1st period - Devin Shore wins face-off versus Elias Lindholm in Punishers zone.
12:04 of 1st period - Noah Juulsen is hit by Jacob De La Rose and loses puck.
12:37 of 1st period - Austen Brassard is hit by Dylan Sikura and loses puck.
12:52 of 1st period - Wrist shot by Corey Tropp.
12:52 of 1st period - Shot Misses the Net.
12:54 of 1st period - Slapshot by Noah Juulsen.
12:54 of 1st period - Deflect By Elias Lindholm.
12:54 of 1st period - Stopped by Joonas Korpisalo with a rebound.
13:48 of 1st period - Connor Clifton is hit by Devin Shore and loses puck.
13:59 of 1st period - Tony DeAngelo is hit by John Quenneville and loses puck.
14:23 of 1st period - Madison Bowey is hit by Valentin Zykov and loses puck.
15:24 of 1st period - Martin Marincin is hit by Noah Juulsen and loses puck.
15:37 of 1st period - Valentin Zykov is hit by Austen Brassard and loses puck.
16:08 of 1st period - Icing by Jacob De La Rose.
16:09 of 1st period - Jack Roslovic wins face-off versus Austen Brassard in Sasquatch zone.
16:19 of 1st period - Austen Brassard is hit by Roope Hintz and loses puck.
16:42 of 1st period - Tyler Bertuzzi is hit by Timo Meier and loses puck.
17:10 of 1st period - Icing by Ben Betker.
17:11 of 1st period - Christoffer Ehn wins face-off versus Zack Hamill in Punishers zone.
17:16 of 1st period - Snap shot by Dylan Sikura.
17:16 of 1st period - Shot Misses the Net.
17:18 of 1st period - Wrist shot by Valentin Zykov.
17:18 of 1st period - Shot Misses the Net.
17:20 of 1st period - Backhand shot by Valentin Zykov.
17:20 of 1st period - Stopped by Louis Domingue without a rebound.
17:21 of 1st period - Devin Shore wins face-off versus Andreas Athanasiou in Punishers zone.
17:46 of 1st period - Brandon Montour is hit by Carter Ashton and loses puck.
17:51 of 1st period - Snap shot by Carter Ashton.
17:51 of 1st period - Shot Misses the Net.
19:15 of 1st period - Snap shot by Connor Clifton.
19:15 of 1st period - Deflect By John Quenneville.
19:15 of 1st period - Shot Blocked by Patrick Wey.
19:15 of 1st period - Puck is out of play.
19:16 of 1st period - Christoffer Ehn wins face-off versus John Quenneville in Sasquatch zone.
19:16 of 1st period - Christoffer Ehn is hit by Brett Kulak.
19:28 of 1st period - Snap shot by Valentin Zykov.
19:28 of 1st period - Stopped by Louis Domingue with a rebound.
19:30 of 1st period - Minor Penalty to Madison Bowey for Interference.
19:31 of 1st period - Zack Hamill wins face-off versus Devin Shore in Punishers zone.
Goals for this period are 0 for Punishers vs 0 for Sasquatch.
Shots for this period are 6 for Punishers vs 10 for Sasquatch.
2nd period
0:01 of 2nd period - Zack Hamill wins face-off versus Devin Shore in neutral zone.
0:34 of 2nd period - Snap shot by Valentin Zykov.
0:34 of 2nd period - Shot Hit the Post.
0:36 of 2nd period - Snap shot by T.J. Tynan.
0:36 of 2nd period - Shot Misses the Net.
1:30 of 2nd period - Penalty to Madison Bowey is over, Madison Bowey is back on ice.
1:44 of 2nd period - Slapshot by Jack Roslovic.
1:44 of 2nd period - Shot Misses the Net.
1:46 of 2nd period - Snap shot by Patrick Wey.
1:46 of 2nd period - Shot Misses the Net.
1:48 of 2nd period - Slapshot by Martin Marincin.
1:48 of 2nd period - Shot Blocked by Zack Hamill.
1:50 of 2nd period - Wrist shot by Jacob De La Rose.
1:50 of 2nd period - Stopped by Louis Domingue with a rebound.
3:22 of 2nd period - Fredrik Claesson is hit by Dylan Sikura and loses puck.
3:47 of 2nd period - Slapshot by Joseph Cramarossa.
3:47 of 2nd period - Shot Blocked by Roland McKeown.
3:49 of 2nd period - Snap shot by Joseph Cramarossa.
3:49 of 2nd period - Stopped by Joonas Korpisalo with a rebound.
3:51 of 2nd period - Slapshot by Noah Juulsen.
3:51 of 2nd period - Shot Blocked by Petr Straka.
4:01 of 2nd period - Wrist shot by Corey Tropp.
4:01 of 2nd period - Stopped by Joonas Korpisalo with a rebound.
4:03 of 2nd period - Wrist shot by Corey Tropp.
4:03 of 2nd period - Shot Misses the Net.
4:05 of 2nd period - Snap shot by Elias Lindholm.
4:05 of 2nd period - Shot Blocked by Jack Roslovic.
4:11 of 2nd period - Minor Penalty to Martin Frk for Hooking.
4:12 of 2nd period - Elias Lindholm wins face-off versus Christoffer Ehn in Sasquatch zone.
4:55 of 2nd period - Slapshot by Corey Tropp.
4:55 of 2nd period - Deflect By T.J. Tynan.
4:55 of 2nd period - Shot Misses the Net.
4:55 of 2nd period - Puck is out of play.
4:56 of 2nd period - T.J. Tynan wins face-off versus Elias Lindholm in Sasquatch zone.
5:52 of 2nd period - Devin Shore is hit by Radek Faksa and loses puck.
6:11 of 2nd period - Penalty to Martin Frk is over, Martin Frk is back on ice.
6:15 of 2nd period - Roope Hintz is hit by Niko Mikkola.
6:25 of 2nd period - Wrist shot by John Quenneville.
6:25 of 2nd period - Shot Misses the Net.
7:03 of 2nd period - Elias Lindholm is hit by Jack Roslovic and loses puck.
7:19 of 2nd period - Madison Bowey is hit by Patrick Wey and loses puck.
7:30 of 2nd period - Brett Kulak is hit by Brandon Montour and loses puck.
7:45 of 2nd period - Jack Roslovic is hit by Radek Faksa and loses puck.
8:38 of 2nd period - Snap shot by Carter Ashton.
8:38 of 2nd period - Stopped by Joonas Korpisalo without a rebound.
8:39 of 2nd period - Radek Faksa wins face-off versus Devin Shore in Sasquatch zone.
8:40 of 2nd period - Snap shot by Carter Ashton.
8:40 of 2nd period - Stopped by Joonas Korpisalo without a rebound.
8:41 of 2nd period - Devin Shore wins face-off versus Radek Faksa in Sasquatch zone.
8:54 of 2nd period - Wrist shot by Jujhar Khaira.
8:54 of 2nd period - Stopped by Louis Domingue without a rebound.
8:55 of 2nd period - Elias Lindholm wins face-off versus T.J. Tynan in Punishers zone.
9:53 of 2nd period - Snap shot by Dylan Sikura.
9:53 of 2nd period - Shot Misses the Net.
9:59 of 2nd period - Minor Penalty to Nikita Gusev for Hooking.
10:00 of 2nd period - Devin Shore wins face-off versus Zack Hamill in Punishers zone.
10:03 of 2nd period - Snap shot by Devin Shore.
10:03 of 2nd period - Shot Misses the Net.
10:25 of 2nd period - Zack Hamill is hit by Petr Straka and loses puck.
11:09 of 2nd period - Icing by Valentin Zykov.
11:10 of 2nd period - Devin Shore wins face-off versus Radek Faksa in Sasquatch zone.
11:15 of 2nd period - Slapshot by Patrick Wey.
11:15 of 2nd period - Shot Blocked by Ben Betker.
11:59 of 2nd period - Penalty to Nikita Gusev is over, Nikita Gusev is back on ice.
12:13 of 2nd period - Wrist shot by John Quenneville.
12:13 of 2nd period - Shot Blocked by Jack Roslovic.
12:15 of 2nd period - Snap shot by Brett Kulak.
12:15 of 2nd period - Stopped by Joonas Korpisalo with a rebound.
12:17 of 2nd period - Wrist shot by Austen Brassard.
12:17 of 2nd period - Stopped by Joonas Korpisalo with a rebound.
12:27 of 2nd period - Snap shot by Tyler Bertuzzi.
12:27 of 2nd period - Stopped by Joonas Korpisalo without a rebound.
12:28 of 2nd period - Radek Faksa wins face-off versus Christoffer Ehn in Sasquatch zone.
12:51 of 2nd period - Noah Juulsen is hit by Devin Shore.
12:54 of 2nd period - Off-side.
12:55 of 2nd period - Elias Lindholm wins face-off versus Devin Shore in neutral zone.
13:06 of 2nd period - Snap shot by Timo Meier.
13:06 of 2nd period - Shot Misses the Net.
13:08 of 2nd period - Slapshot by Timo Meier.
13:08 of 2nd period - Shot Blocked by Connor Clifton.
13:46 of 2nd period - Wrist shot by Dylan Sikura.
13:46 of 2nd period - Deflect By Valentin Zykov.
13:46 of 2nd period - Stopped by Louis Domingue without a rebound.
13:47 of 2nd period - John Quenneville wins face-off versus Christoffer Ehn in Punishers zone.
14:00 of 2nd period - Slapshot by Dylan Sikura.
14:00 of 2nd period - Shot Blocked by Madison Bowey.
14:08 of 2nd period - Slapshot by Madison Bowey.
14:08 of 2nd period - Stopped by Joonas Korpisalo without a rebound.
14:09 of 2nd period - Devin Shore wins face-off versus Elias Lindholm in Sasquatch zone.
14:14 of 2nd period - Wrist shot by Timo Meier.
14:14 of 2nd period - Stopped by Louis Domingue with a rebound.
14:16 of 2nd period - Wrist shot by Jujhar Khaira.
14:16 of 2nd period - Shot Blocked by Fredrik Claesson.
14:40 of 2nd period - Off-side.
14:41 of 2nd period - Radek Faksa wins face-off versus Jujhar Khaira in neutral zone.
15:48 of 2nd period - Slapshot by John Quenneville.
15:48 of 2nd period - Stopped by Joonas Korpisalo with a rebound.
15:55 of 2nd period - Icing by Martin Marincin.
15:56 of 2nd period - Christoffer Ehn wins face-off versus Zack Hamill in Sasquatch zone.
15:56 of 2nd period - Christoffer Ehn is hit by Ben Betker.
16:06 of 2nd period - Slapshot by Tony DeAngelo.
16:06 of 2nd period - Shot Blocked by Joseph Cramarossa.
16:26 of 2nd period - Wrist shot by T.J. Tynan.
16:26 of 2nd period - Deflect By Roope Hintz.
16:26 of 2nd period - Shot Hit the Post.
16:26 of 2nd period - Puck is out of play.
16:27 of 2nd period - T.J. Tynan wins face-off versus Elias Lindholm in Punishers zone.
16:28 of 2nd period - Snap shot by Petr Straka.
16:28 of 2nd period - Stopped by Louis Domingue with a rebound.
16:34 of 2nd period - Ethan Bear is hit by Corey Tropp.
17:28 of 2nd period - Minor Penalty to Fredrik Claesson for Interference.
17:29 of 2nd period - Zack Hamill wins face-off versus Devin Shore in Punishers zone.
17:43 of 2nd period - Backhand shot by Tony DeAngelo.
17:43 of 2nd period - Deflect By Timo Meier.
17:43 of 2nd period - Goal by Timo Meier - Punishers : 0 - Sasquatch : 1.
17:44 of 2nd period - Elias Lindholm wins face-off versus Devin Shore in neutral zone.
18:13 of 2nd period - Snap shot by Petr Straka.
18:13 of 2nd period - Shot Misses the Net.
18:15 of 2nd period - Snap shot by Roope Hintz.
18:15 of 2nd period - Stopped by Louis Domingue with a rebound.
19:11 of 2nd period - Icing by Madison Bowey.
19:12 of 2nd period - Elias Lindholm wins face-off versus T.J. Tynan in Punishers zone.
19:19 of 2nd period - Slapshot by Corey Tropp.
19:19 of 2nd period - Shot Misses the Net.
19:31 of 2nd period - Wrist shot by Andreas Athanasiou.
19:31 of 2nd period - Deflect By Elias Lindholm.
19:31 of 2nd period - Shot Blocked by Devin Shore.
19:31 of 2nd period - Puck is out of play.
19:32 of 2nd period - Radek Faksa wins face-off versus Devin Shore in Sasquatch zone.
19:33 of 2nd period - Slapshot by Carter Ashton.
19:33 of 2nd period - Shot Misses the Net.
19:43 of 2nd period - Ben Betker is hit by Timo Meier and loses puck.
19:58 of 2nd period - Andreas Athanasiou is hit by Patrick Wey and loses puck.
Goals for this period are 0 for Punishers vs 1 for Sasquatch.
Shots for this period are 9 for Punishers vs 7 for Sasquatch.
3rd period
0:01 of 3rd period - Elias Lindholm wins face-off versus Devin Shore in neutral zone.
0:22 of 3rd period - Minor Penalty to Andreas Athanasiou for Holding.
0:23 of 3rd period - Devin Shore wins face-off versus Zack Hamill in Punishers zone.
0:59 of 3rd period - Slapshot by Petr Straka.
0:59 of 3rd period - Shot Misses the Net.
1:01 of 3rd period - Slapshot by Tony DeAngelo.
1:01 of 3rd period - Shot Misses the Net.
1:03 of 3rd period - Wrist shot by Valentin Zykov.
1:03 of 3rd period - Goal by Valentin Zykov - Punishers : 0 - Sasquatch : 2.
1:04 of 3rd period - Elias Lindholm wins face-off versus Timo Meier in neutral zone.
1:11 of 3rd period - Snap shot by Andreas Athanasiou.
1:11 of 3rd period - Stopped by Joonas Korpisalo without a rebound.
1:12 of 3rd period - Devin Shore wins face-off versus Elias Lindholm in Sasquatch zone.
1:23 of 3rd period - Wrist shot by Jujhar Khaira.
1:23 of 3rd period - Stopped by Louis Domingue with a rebound.
1:25 of 3rd period - Snap shot by Devin Shore.
1:25 of 3rd period - Stopped by Louis Domingue without a rebound.
1:26 of 3rd period - Elias Lindholm wins face-off versus Jujhar Khaira in Punishers zone.
1:37 of 3rd period - Slapshot by Tony DeAngelo.
1:37 of 3rd period - Shot Blocked by Madison Bowey.
3:25 of 3rd period - Snap shot by Valentin Zykov.
3:25 of 3rd period - Shot Misses the Net.
3:44 of 3rd period - Minor Penalty to Nikita Gusev for Cross-checking.
3:45 of 3rd period - Zack Hamill wins face-off versus Devin Shore in Punishers zone.
3:54 of 3rd period - Snap shot by Timo Meier.
3:54 of 3rd period - Stopped by Louis Domingue with a rebound.
3:56 of 3rd period - Slapshot by Ethan Bear.
3:56 of 3rd period - Deflect By Zack Hamill.
3:56 of 3rd period - Stopped by Louis Domingue without a rebound.
3:57 of 3rd period - Zack Hamill wins face-off versus Devin Shore in Punishers zone.
4:08 of 3rd period - Zack Hamill is hit by Devin Shore and loses puck.
5:44 of 3rd period - Penalty to Nikita Gusev is over, Nikita Gusev is back on ice.
5:59 of 3rd period - Jack Roslovic is hit by Austen Brassard and loses puck.
6:18 of 3rd period - Snap shot by Dylan Sikura.
6:18 of 3rd period - Stopped by Louis Domingue without a rebound.
6:19 of 3rd period - John Quenneville wins face-off versus Christoffer Ehn in Punishers zone.
6:44 of 3rd period - Snap shot by Andreas Athanasiou.
6:44 of 3rd period - Shot Misses the Net.
6:46 of 3rd period - Snap shot by Andreas Athanasiou.
6:46 of 3rd period - Shot Misses the Net.
7:36 of 3rd period - Slapshot by Petr Straka.
7:36 of 3rd period - Shot Misses the Net.
7:38 of 3rd period - Slapshot by T.J. Tynan.
7:38 of 3rd period - Stopped by Louis Domingue with a rebound.
7:46 of 3rd period - Wrist shot by Petr Straka.
7:46 of 3rd period - Shot Misses the Net.
8:22 of 3rd period - Slapshot by Michael Joly.
8:22 of 3rd period - Stopped by Joonas Korpisalo with a rebound.
8:24 of 3rd period - Wrist shot by Joseph Cramarossa.
8:24 of 3rd period - Shot Blocked by Devin Shore.
8:40 of 3rd period - Snap shot by Petr Straka.
8:40 of 3rd period - Stopped by Louis Domingue with a rebound.
8:42 of 3rd period - Snap shot by Roope Hintz.
8:42 of 3rd period - Stopped by Louis Domingue with a rebound.
9:17 of 3rd period - Wrist shot by Jack Roslovic.
9:17 of 3rd period - Stopped by Louis Domingue with a rebound.
9:19 of 3rd period - Snap shot by Tony DeAngelo.
9:19 of 3rd period - Stopped by Louis Domingue without a rebound.
9:20 of 3rd period - Jack Roslovic wins face-off versus Elias Lindholm in Punishers zone.
9:29 of 3rd period - Noah Juulsen is hit by Martin Frk and loses puck.
9:38 of 3rd period - Corey Tropp is hit by Jack Roslovic and loses puck.
9:47 of 3rd period - Noah Juulsen is hit by Jacob De La Rose and loses puck.
10:12 of 3rd period - Snap shot by Corey Tropp.
10:12 of 3rd period - Shot Misses the Net.
10:14 of 3rd period - Wrist shot by Fredrik Claesson.
10:14 of 3rd period - Stopped by Joonas Korpisalo with a rebound.
10:16 of 3rd period - Snap shot by Elias Lindholm.
10:16 of 3rd period - Shot Blocked by Roland McKeown.
10:30 of 3rd period - Slapshot by Corey Tropp.
10:30 of 3rd period - Stopped by Joonas Korpisalo without a rebound.
10:31 of 3rd period - Radek Faksa wins face-off versus Devin Shore in Sasquatch zone.
10:38 of 3rd period - Snap shot by Radek Faksa.
10:38 of 3rd period - Shot Misses the Net.
11:05 of 3rd period - Snap shot by John Quenneville.
11:05 of 3rd period - Stopped by Joonas Korpisalo without a rebound.
11:06 of 3rd period - T.J. Tynan wins face-off versus Radek Faksa in Sasquatch zone.
11:11 of 3rd period - Wrist shot by Radek Faksa.
11:11 of 3rd period - Shot Misses the Net.
11:17 of 3rd period - Wrist shot by Radek Faksa.
11:17 of 3rd period - Deflect By Carter Ashton.
11:17 of 3rd period - Stopped by Joonas Korpisalo without a rebound.
11:18 of 3rd period - Radek Faksa wins face-off versus Devin Shore in Sasquatch zone.
11:19 of 3rd period - Slapshot by Carter Ashton.
11:19 of 3rd period - Shot Misses the Net.
11:21 of 3rd period - Snap shot by Carter Ashton.
11:21 of 3rd period - Stopped by Joonas Korpisalo with a rebound.
11:23 of 3rd period - Slapshot by Madison Bowey.
11:23 of 3rd period - Stopped by Joonas Korpisalo without a rebound.
11:24 of 3rd period - Radek Faksa wins face-off versus Timo Meier in Sasquatch zone.
11:49 of 3rd period - Brandon Montour is hit by Nikita Gusev and loses puck.
12:31 of 3rd period - Wrist shot by Austen Brassard.
12:31 of 3rd period - Shot Misses the Net.
12:52 of 3rd period - Slapshot by Jujhar Khaira.
12:52 of 3rd period - Stopped by Louis Domingue without a rebound.
12:53 of 3rd period - Elias Lindholm wins face-off versus T.J. Tynan in Punishers zone.
14:14 of 3rd period - Wrist shot by Michael Joly.
14:14 of 3rd period - Deflect By Zack Hamill.
14:14 of 3rd period - Shot Blocked by Tony DeAngelo.
14:14 of 3rd period - Puck is out of play.
14:15 of 3rd period - Jack Roslovic wins face-off versus Zack Hamill in Sasquatch zone.
14:15 of 3rd period - Jack Roslovic is hit by Fredrik Claesson.
14:40 of 3rd period - Off-side.
14:41 of 3rd period - Elias Lindholm wins face-off versus T.J. Tynan in neutral zone.
14:52 of 3rd period - Snap shot by T.J. Tynan.
14:52 of 3rd period - Shot Misses the Net.
14:54 of 3rd period - Slapshot by Brandon Montour.
14:54 of 3rd period - Shot Blocked by Fredrik Claesson.
14:56 of 3rd period - Wrist shot by Petr Straka.
14:56 of 3rd period - Shot Blocked by Andreas Athanasiou.
15:06 of 3rd period - Andreas Athanasiou is hit by Patrick Wey and loses puck.
15:11 of 3rd period - Snap shot by Jujhar Khaira.
15:11 of 3rd period - Deflect By Elias Lindholm.
15:11 of 3rd period - Shot Misses the Net.
15:11 of 3rd period - Puck is out of play.
15:12 of 3rd period - Carter Ashton wins face-off versus Jujhar Khaira in Punishers zone.
15:32 of 3rd period - Snap shot by Devin Shore.
15:32 of 3rd period - Stopped by Louis Domingue without a rebound.
15:33 of 3rd period - T.J. Tynan wins face-off versus Corey Tropp in Punishers zone.
15:42 of 3rd period - Snap shot by Petr Straka.
15:42 of 3rd period - Stopped by Louis Domingue with a rebound.
15:58 of 3rd period - Carter Ashton is hit by Jujhar Khaira and loses puck.
15:59 of 3rd period - Carter Ashton from Punishers is injured at 15:59 of 3rd period (Sprained Right Knee).
16:00 of 3rd period - Elias Lindholm wins face-off versus Devin Shore in Punishers zone.
16:09 of 3rd period - Wrist shot by Andreas Athanasiou.
16:09 of 3rd period - Stopped by Joonas Korpisalo without a rebound.
16:10 of 3rd period - Elias Lindholm wins face-off versus Devin Shore in Sasquatch zone.
16:19 of 3rd period - Wrist shot by Corey Tropp.
16:19 of 3rd period - Stopped by Joonas Korpisalo without a rebound.
16:20 of 3rd period - Devin Shore wins face-off versus Elias Lindholm in Sasquatch zone.
16:27 of 3rd period - Andreas Athanasiou is hit by Patrick Wey and loses puck.
16:46 of 3rd period - Radek Faksa is hit by Patrick Wey and loses puck.
16:51 of 3rd period - Snap shot by Martin Frk.
16:51 of 3rd period - Shot Misses the Net.
16:53 of 3rd period - Wrist shot by Jacob De La Rose.
16:53 of 3rd period - Deflect By Jack Roslovic.
16:53 of 3rd period - Shot Hit the Post.
16:53 of 3rd period - Puck is out of play.
16:54 of 3rd period - Devin Shore wins face-off versus John Quenneville in Punishers zone.
17:26 of 3rd period - Snap shot by Patrick Wey.
17:26 of 3rd period - Shot Blocked by Elias Lindholm.
17:28 of 3rd period - Wrist shot by Patrick Wey.
17:28 of 3rd period - Stopped by Louis Domingue with a rebound.
17:41 of 3rd period - Off-side.
17:42 of 3rd period - T.J. Tynan wins face-off versus Radek Faksa in neutral zone.
17:45 of 3rd period - Slapshot by Patrick Wey.
17:45 of 3rd period - Stopped by Louis Domingue without a rebound.
17:46 of 3rd period - Elias Lindholm wins face-off versus Devin Shore in Punishers zone.
17:59 of 3rd period - Snap shot by Corey Tropp.
17:59 of 3rd period - Deflect By Andreas Athanasiou.
17:59 of 3rd period - Shot Blocked by Patrick Wey.
17:59 of 3rd period - Puck is out of play.
18:00 of 3rd period - Jack Roslovic wins face-off versus Elias Lindholm in Sasquatch zone.
18:17 of 3rd period - Patrick Wey is hit by Corey Tropp and loses puck.
19:57 of 3rd period - Ethan Bear is hit by Noah Juulsen and loses puck.
Goals for this period are 0 for Punishers vs 1 for Sasquatch.
Shots for this period are 10 for Punishers vs 16 for Sasquatch.